 Dungeon Sprint DCSS version 0.21.2 (webtiles) character file.

3565 Fang the Cleaver (level 10, 0/108 HPs)
             Began as a Gargoyle Berserker on Sept 24, 2018.
             Was the Champion of Trog.
             Slain by a death cob (7 damage)
             ... in the Dungeon (Sprint VII: "The Pits").
             The game lasted 00:02:47 (1746 turns).

Fang the Cleaver (Gargoyle Berserker)               Turns: 1746, Time: 00:02:48

Health: 0/108      AC: 22    Str: 30    XL:     10   Next: 9%
Magic:  10/10      EV: 15    Int:  7    God:    Trog [******]
Gold:   0          SH:  0    Dex: 12    Spells: 9/9 levels left

rFire    . . .     SeeInvis .   t - +2 war axe (chop)
rCold    . . .     Gourm    .   (no shield)
rNeg     + . .     Faith    .   o - +3 chain mail
rPois    ∞         Spirit   .   (no helmet)
rElec    +         Reflect  .   (no cloak)
rCorr    .         Harm     .   (no gloves)
MR       .....     NoTele   +   (no boots)
Stlth    ..........             (no amulet)
HPRegen  0.28/turn              m - +3 ring of dexterity
MPRegen  0.12/turn              r - +3 ring of evasion

@: berserking, slowed
A: negative energy resistance 1, electricity resistance, unbreathing,
petrification resistance, rot immunity, AC +7
a: Berserk, Trog's Hand, Brothers in Arms, Burn Spellbooks, Renounce Religion


You were in the Dungeon.
You worshipped Trog.
Trog was exalted by your worship.
You were very hungry.

You visited 1 branch

Inventory:

Hand Weapons
 j - a +2 hand axe
 t - a +2 war axe of chopping (weapon)
 u - a +2 battleaxe of freezing
Armour
 o - a +3 chain mail (worn)
Jewellery
 m - a +3 ring of dexterity (left hand)
 r - a +3 ring of evasion (right hand)
Scrolls
 i - a scroll of blinking
 k - 3 scrolls of remove curse
 l - a scroll of summoning
Potions
 a - 2 potions of invisibility
 d - 7 potions of curing
 e - 12 potions of heal wounds
 f - a potion of haste
 g - 4 potions of magic
 h - 4 potions of berserk rage
 p - 4 potions of brilliance
 q - a potion of agility
 s - a potion of might
Comestibles
 b - 7 chunks of flesh
 c - 6 rations


   Skills:
 + Level 12.6 Fighting
 + Level 13.5 Axes
 + Level 11.6 Armour
 + Level 6.7 Dodging
 + Level 3.3 Stealth


You had 9 spell levels left.
You didn't know any spells.

Dungeon Overview and Level Annotations

Branches:
Dungeon (1/1)

Altars:
Ashenzari
Cheibriados
Dithmenos
Elyvilon
Fedhas
Gozag
Hepliaklqana
Kikubaaqudgha
Makhleb
Nemelex Xobeh
Okawaru
Qazlal
Ru
Sif Muna
Trog
Uskayaw
Vehumet
Wu Jian
Xom
Yredelemnul
Zin
The Shining One
Beogh
Jiyva
Lugonu


Innate Abilities, Weirdness & Mutations

You are resistant to torment.
Your stone body is resilient. (AC +7)
You are immune to poison.
You resist negative energy. (rN+)
You are resistant to electric shocks. (rElec)
You can survive without breathing.
You are immune to petrification.
You are immune to rotting.


Message History

You slash something! The death cob hits you!!
* * * LOW HITPOINT WARNING * * *
Something hits you but does no damage. The death cob closely misses you.
Unknown command.
You hit the death cob.
The death cob is lightly damaged.
Your chain mail prevents you from hitting something.
The death cob completely misses you.
The death cob hits you but does no damage.
Something hits you but does no damage.
Unknown command.
You hit the death cob.
The death cob is lightly damaged.
You slash something! Trog accepts your kill.
Reactivating autopickup.
You feel a bit more experienced.
The death cob hits you but does no damage.
The death cob hits you!
You die...

####'#####''######
#.......##''#####
#.......##......#
#.......##......#
#...<...###....## ##
#.......# ##''## ##..+
#.......###...(###....#
#.......##......#....#
##########......@z...+
##########......#†...#
...#..[[###))).###...f#
...#..[[# ##)%## ##..+
...'..))# #))).# ##
...#...)##......#
)..#..))##......#
#################


You could see a death cob and a wandering mushroom.

Vanquished Creatures
  A death yak (D)
  A lindwurm (D)
  An elephant (D)
  3 kobold demonologists (D)
  A red devil (D)
  2 hungry ghosts (D)
  A fire bat (D)
  2 vampire mosquitoes (D)
  A sky beast (D)
  A black bear (D)
  A wolf (D)
  Blork the orc (D)
  A wight (D)
  An orc wizard (D)
  A worker ant (D)
  3 adders (D)
  A river rat (D)
  A worm (D)
  3 leopard geckos (D)
  3 orcs (D)
  2 hobgoblins (D)
  A giant cockroach zombie (D)
  7 kobolds (D)
  A rat (D)
41 creatures vanquished.

Notes
Turn   | Place    | Note
-------+----------+-------------------------------------------
     0 | D        | Fang the Gargoyle Berserker began the quest for the Orb.
     0 | D        | Reached XP level 1. HP: 14/14 MP: 1/1
    21 | D        | Reached skill level 3 in Axes
    26 | D        | Found a bloodstained altar of Trog.
    26 | D        | Found a deep blue altar of Sif Muna.
    26 | D        | Found a viscous altar of Jiyva.
    26 | D        | Found a hazy altar of Hepliaklqana.
    26 | D        | Found an opulent altar of Gozag.
    27 | D        | Found a glowing golden altar of the Shining One.
    27 | D        | Found a glowing silver altar of Zin.
    27 | D        | Found a basalt altar of Yredelemnul.
    27 | D        | Found a shimmering altar of Xom.
    27 | D        | Found an ornate altar of the Wu Jian Council.
    27 | D        | Found a sacrificial altar of Ru.
    27 | D        | Found a stormy altar of Qazlal.
    27 | D        | Found an iron altar of Okawaru.
    27 | D        | Found a sparkling altar of Nemelex Xobeh.
    27 | D        | Found a burning altar of Makhleb.
    27 | D        | Found a blossoming altar of Fedhas.
    27 | D        | Found a white marble altar of Elyvilon.
    27 | D        | Found a shadowy altar of Dithmenos.
    27 | D        | Found a snail-covered altar of Cheibriados.
    30 | D        | Found a corrupted altar of Lugonu.
    30 | D        | Found a radiant altar of Vehumet.
    30 | D        | Found a roughly hewn altar of Beogh.
    73 | D        | Reached ** piety under Trog
   128 | D        | Noticed a worker ant
   138 | D        | Killed a worker ant
   138 | D        | Reached skill level 5 in Fighting
   138 | D        | Reached skill level 4 in Axes
   138 | D        | Reached XP level 2. HP: 5/21 MP: 2/2
   138 | D        | Reached XP level 3. HP: 6/26 MP: 3/3
   662 | D        | Reached *** piety under Trog
   668 | D        | Reached skill level 5 in Axes
   791 | D        | Noticed a hungry ghost
   792 | D        | Noticed a wolf
   793 | D        | Noticed a black bear
   804 | D        | Reached **** piety under Trog
   827 | D        | Killed a wolf
   827 | D        | Reached skill level 6 in Axes
   827 | D        | Reached XP level 4. HP: 23/32 MP: 4/4
   827 | D        | Reached XP level 5. HP: 27/37 MP: 5/5
   859 | D        | Killed a hungry ghost
   859 | D        | Reached skill level 7 in Axes
   859 | D        | Reached skill level 5 in Armour
   859 | D        | Reached XP level 6. HP: 27/44 MP: 6/6
   870 | D        | Killed a black bear
   870 | D        | Reached skill level 8 in Axes
   870 | D        | Reached skill level 1 in Stealth
   870 | D        | Paralysed by fainting for 10 turns
  1202 | D        | Received a gift from Trog
  1202 | D        | Reached skill level 5 in Dodging
  1240 | D        | Noticed a lindwurm
  1249 | D        | Killed a lindwurm
  1249 | D        | Reached ***** piety under Trog
  1249 | D        | Reached skill level 10 in Axes
  1249 | D        | Reached XP level 7. HP: 50/52 MP: 7/7
  1249 | D        | Reached XP level 8. HP: 54/57 MP: 8/8
  1344 | D        | Noticed Blork the orc
  1350 | D        | Killed Blork the orc
  1356 | D        | Reached skill level 10 in Fighting
  1359 | D        | Received a gift from Trog
  1418 | D        | Noticed a red devil
  1426 | D        | Killed a red devil
  1426 | D        | Reached skill level 11 in Axes
  1567 | D        | Found a hide-covered altar of Uskayaw.
  1567 | D        | Found an ancient bone altar of Kikubaaqudgha.
  1567 | D        | Found a shattered altar of Ashenzari.
  1598 | D        | Noticed an elephant
  1608 | D        | Killed an elephant
  1608 | D        | Reached skill level 10 in Armour
  1608 | D        | Reached XP level 9. HP: 64/64 MP: 9/9
  1663 | D        | Noticed a death yak
  1663 | D        | Noticed a kobold demonologist
  1663 | D        | Noticed a kobold demonologist
  1663 | D        | Noticed a kobold demonologist
  1669 | D        | Noticed a rust devil
  1670 | D        | Reached ****** piety under Trog
  1670 | D        | Received a gift from Trog
  1672 | D        | Killed a kobold demonologist
  1672 | D        | Reached skill level 12 in Axes
  1676 | D        | Killed a death yak
  1690 | D        | Noticed a red devil
  1692 | D        | Killed a kobold demonologist
  1692 | D        | Reached skill level 13 in Axes
  1694 | D        | Killed a kobold demonologist
  1694 | D        | Received a gift from Trog
  1694 | D        | Reached XP level 10. HP: 72/72 MP: 10/10
  1739 | D        | Noticed a death cob
  1746 | D        | Slain by a death cob

Skill      XL: |  1  2  3  4  5  6  7  8  9 |
---------------+----------------------------+-----
Axes           | 4 6 7 10 11 13 | 13.5
Fighting       | 5 6 8 9 11 12 | 12.6
Dodging        | 2 3 4 5 6 |  6.7
Armour         | 3 5 8 10 11 | 11.6
Stealth        | 2 3 |  3.3

Action                   |  1- 3 |  4- 6 |  7- 9 | 10-12 || total
-------------------------+-------+-------+-------+-------++-------
Melee: Hand axe          |    73 |    59 |    17 |       ||   149
       War axe           |       |       |    38 |     5 ||    43
Invok: Berserk           |     3 |     1 |     4 |     1 ||     9
  Eat: Chunk             |     2 |       |     3 |     1 ||     6
       Ration            |       |     2 |     1 |       ||     3
Armor: Animal skin       |    14 |       |       |       ||    14
       Chain mail        |    14 |    50 |    29 |     9 ||   102
Dodge: Dodged            |    41 |    35 |    26 |     3 ||   105
